TOP OF THE 1ST |
Kannapolis Intimidators batting - Pitching for Cedar Rapids Kernels : LHP Kevin Drew
|
Pitching: LHP Kevin Drew
|
|
Batting: SHB Jay Gagnon
|
0-0: Ball 1-0: Foul Ball, location: 2F 1-1: Foul Ball, location: 2F 1-2: Foul Ball, location: 2F 1-2: Fly out, F7 (Flyball, 7S, EV 78.8 MPH)
|
Batting: SHB Jose Castillo
|
0-0: Ball 1-0: Swinging Strike 1-1: Ground out 5-3 (Groundball, 5S, EV 83.8 MPH)
|
Batting: SHB Ruben Velasco Jr.
|
0-0: Called Strike 0-1: Ball 1-1: Ball 2-1: Ball 3-1: Base on Balls
|
Batting: RHB Mike Manchester
|
0-0: Swinging Strike 0-1: Foul Ball, location: 2F 0-2: 2-RUN HOME RUN (Flyball, 78XD, EV 99.4 MPH), Distance : 414 ft
|
Batting: RHB Mike Warzecha
|
0-0: Ball 1-0: Ground out 3-1 (Groundball, 34, EV 77.5 MPH)
|
Top of the 1st over - 2 runs, 1 hit, 0 errors, 0 left on base; Kannapolis 2 - Cedar Rapids 0 |
BOTTOM OF THE 1ST |
Cedar Rapids Kernels batting - Pitching for Kannapolis Intimidators : RHP Matt Voulgaris
|
Pitching: RHP Matt Voulgaris
|
|
Batting: SHB Matt Urbani
|
0-0: Ball 1-0: Foul Ball, location: 2F 1-1: Swinging Strike 1-2: Fly out, F8 (Flyball, 8LXD, EV 89.4 MPH)
|
Batting: SHB Manny Molina
|
0-0: Ball 1-0: Foul Ball, location: 2F 1-1: Foul Ball, location: 2F 1-2: Ball 2-2: Ball 3-2: Base on Balls
|
Batting: RHB Ryan Gautney
|
0-0: Called Strike 0-1: Called Strike Manny Molina steals 2nd base (no throw) 0-2: Foul Ball, location: 2F 0-2: Ground out 6-3 (Groundball, 56, EV 85.0 MPH)
|
Batting: LHB Marshall Daul
|
0-0: Ball 1-0: Foul Ball, location: 2F 1-1: Foul Ball, location: 2F 1-2: Ball 2-2: Foul Ball, location: 2F 2-2: Foul Ball, location: 2F 2-2: Ball 3-2: Foul Ball, location: 2F 3-2: Foul Ball, location: 2F 3-2: Ground out 1-3 (Groundball, 13S, EV 68.8 MPH)
|
Bottom of the 1st over - 0 runs, 0 hits, 0 errors, 1 left on base; Kannapolis 2 - Cedar Rapids 0 |
TOP OF THE 2ND |
Kannapolis Intimidators batting - Pitching for Cedar Rapids Kernels : LHP Kevin Drew
|
Batting: LHB Edgar Castillo
|
0-0: Ball 1-0: Called Strike 1-1: Foul Ball, location: 2F 1-2: Ground out 6-3 (Groundball, 56D, EV 86.9 MPH)
|
Batting: RHB Mark Jones
|
0-0: Ball 1-0: Ball 2-0: Ball 3-0: Called Strike 3-1: Foul Ball, location: 2F 3-2: Strikes out swinging
|
Batting: LHB Ryan Rodgers
|
0-0: Ball 1-0: Ball 2-0: Called Strike 2-1: Ball 3-1: Called Strike 3-2: Foul Ball, location: 2F 3-2: Ground out 6-3 (Groundball, 6, EV 88.8 MPH)
|
Top of the 2nd over - 0 runs, 0 hits, 0 errors, 0 left on base; Kannapolis 2 - Cedar Rapids 0 |
BOTTOM OF THE 2ND |
Cedar Rapids Kernels batting - Pitching for Kannapolis Intimidators : RHP Matt Voulgaris
|
Batting: LHB David Campbell
|
0-0: SINGLE (Groundball, 34D, EV 106.2 MPH)
|
Batting: RHB John Dew
|
0-0: Called Strike 0-1: Ball 1-1: Ball 2-1: Foul Ball, location: 2F 2-2: Ball 3-2: 2-RUN HOME RUN (Flyball, 7D, EV 95.0 MPH), Distance : 359 ft
|
Batting: RHB Nick Phipps
|
0-0: Called Strike 0-1: Foul Ball, location: 2F 0-2: Ball 1-2: Strikes out swinging
|
Batting: LHB Yasutoshi Hayashi
|
0-0: Called Strike 0-1: Ground out 4-3 (Groundball, 4, EV 91.2 MPH)
|
Batting: RHB Ricky Pizarro
|
0-0: Ball 1-0: Foul Ball, location: 2F 1-1: Ball 2-1: Ball 3-1: Fly out, F8 (Flyball, 8LD, EV 97.5 MPH)
|
Bottom of the 2nd over - 2 runs, 2 hits, 0 errors, 0 left on base; Kannapolis 2 - Cedar Rapids 2 |
TOP OF THE 3RD |
Kannapolis Intimidators batting - Pitching for Cedar Rapids Kernels : LHP Kevin Drew
|
Batting: RHB Tatsunori Hayakawa
|
0-0: Ball 1-0: Ball 2-0: Ball 3-0: Called Strike 3-1: Swinging Strike 3-2: Base on Balls
|
Batting: SHB Jay Gagnon
|
0-0: Fly out, F7 (Line Drive, 7S, EV 90.0 MPH)
|
Batting: SHB Jose Castillo
|
0-0: Ball 1-0: Called Strike Tatsunori Hayakawa steals 2nd base (no throw) 1-1: Called Strike Tatsunori Hayakawa steals 3rd base 1-2: Fly out, F4 (Line Drive, 4MD, EV 66.9 MPH)
|
Batting: SHB Ruben Velasco Jr.
|
0-0: Foul Ball, location: 2F 0-1: Ground out U3 (Groundball, 3S, EV 67.5 MPH)
|
Top of the 3rd over - 0 runs, 0 hits, 0 errors, 1 left on base; Kannapolis 2 - Cedar Rapids 2 |
BOTTOM OF THE 3RD |
Cedar Rapids Kernels batting - Pitching for Kannapolis Intimidators : RHP Matt Voulgaris
|
Batting: SHB Matt Urbani
|
0-0: Called Strike 0-1: Ball 1-1: Ball 2-1: Swinging Strike 2-2: Foul Ball, location: 2F 2-2: Strikes out looking
|
Batting: SHB Manny Molina
|
0-0: Ball 1-0: Ball 2-0: Ball 3-0: Called Strike 3-1: Base on Balls
|
Batting: RHB Ryan Gautney
|
Pickoff Throw to First - Out! 1-3 0-0: Ball 1-0: Ball 2-0: DOUBLE (Groundball, 5L, EV 100.6 MPH)
|
Batting: LHB Marshall Daul
|
0-0: Called Strike 0-1: Foul Ball, location: 2F 0-2: Ball 1-2: Ball 2-2: SINGLE (Groundball, 4S, EV 62.5 MPH) (infield hit) Ryan Gautney to third
|
Batting: LHB David Campbell
|
0-0: Fly out, F8 (Flyball, 89M, EV 86.2 MPH)
|
Bottom of the 3rd over - 0 runs, 2 hits, 0 errors, 2 left on base; Kannapolis 2 - Cedar Rapids 2 |
TOP OF THE 4TH |
Kannapolis Intimidators batting - Pitching for Cedar Rapids Kernels : LHP Kevin Drew
|
Batting: RHB Mike Manchester
|
0-0: Called Strike 0-1: Foul Ball, location: 2F 0-2: Ball 1-2: Strikes out swinging
|
Batting: RHB Mike Warzecha
|
0-0: Called Strike 0-1: Foul Ball, location: 2F 0-2: Foul Ball, location: 2F 0-2: Strikes out swinging
|
Batting: LHB Edgar Castillo
|
0-0: Ball 1-0: Foul Ball, location: 2F 1-1: Ground out 5-3 (Groundball, 5, EV 89.4 MPH)
|
Top of the 4th over - 0 runs, 0 hits, 0 errors, 0 left on base; Kannapolis 2 - Cedar Rapids 2 |
BOTTOM OF THE 4TH |
Cedar Rapids Kernels batting - Pitching for Kannapolis Intimidators : RHP Matt Voulgaris
|
Batting: RHB John Dew
|
0-0: Swinging Strike 0-1: Swinging Strike 0-2: Ground out 4-3 (Groundball, 4, EV 86.9 MPH)
|
Batting: RHB Nick Phipps
|
0-0: Fly out, F9 (Flyball, 89S, EV 85.6 MPH)
|
Batting: LHB Yasutoshi Hayashi
|
0-0: Foul Ball, location: 2F 0-1: Ball 1-1: Ball 2-1: Fly out, F5 (Popup, 5F, EV 70.0 MPH)
|
Bottom of the 4th over - 0 runs, 0 hits, 0 errors, 0 left on base; Kannapolis 2 - Cedar Rapids 2 |
TOP OF THE 5TH |
Kannapolis Intimidators batting - Pitching for Cedar Rapids Kernels : LHP Kevin Drew
|
Batting: RHB Mark Jones
|
0-0: Ball 1-0: Ball 2-0: Foul Ball, location: 2F 2-1: Foul Ball, location: 2F 2-2: Foul Ball, location: 2F 2-2: Strikes out looking
|
Batting: LHB Ryan Rodgers
|
0-0: Ball 1-0: Called Strike 1-1: Foul Ball, location: 2F 1-2: Foul Ball, location: 2F 1-2: Foul Ball, location: 2F 1-2: Foul Ball, location: 2F 1-2: Foul Ball, location: 2F 1-2: Ball 2-2: Ground out 4-3 (Groundball, 4, EV 103.8 MPH)
|
Batting: RHB Tatsunori Hayakawa
|
0-0: Ball 1-0: Foul Ball, location: 2F 1-1: Called Strike 1-2: SINGLE (Groundball, 34S, EV 73.8 MPH) (infield hit)
|
Batting: SHB Jay Gagnon
|
0-0: SINGLE (Groundball, 4MD, EV 106.9 MPH) (infield hit) Tatsunori Hayakawa to second
|
Batting: SHB Jose Castillo
|
0-0: DOUBLE (Line Drive, 5D, EV 97.5 MPH) Tatsunori Hayakawa scores Jay Gagnon to third Runner from 3rd tries for Home, throw by LF and OUT! 7-6-2
|
Top of the 5th over - 1 run, 3 hits, 0 errors, 1 left on base; Kannapolis 3 - Cedar Rapids 2 |
BOTTOM OF THE 5TH |
Cedar Rapids Kernels batting - Pitching for Kannapolis Intimidators : RHP Matt Voulgaris
|
Batting: RHB Ricky Pizarro
|
0-0: Ground out U3 (Groundball, 3S, EV 78.1 MPH)
|
Batting: SHB Matt Urbani
|
0-0: Foul Ball, location: 2F 0-1: Called Strike 0-2: Ball 1-2: Ball 2-2: Ball 3-2: Base on Balls
|
Batting: SHB Manny Molina
|
0-0: Ball 1-0: Called Strike 1-1: Fly out, F7 (Flyball, 7LM, EV 72.5 MPH)
|
Batting: RHB Ryan Gautney
|
0-0: Ball 1-0: Foul Ball, location: 2F 1-1: Ball 2-1: Foul Ball, location: 2F 2-2: Fly out, F9 (Flyball, 9, EV 91.9 MPH)
|
Bottom of the 5th over - 0 runs, 0 hits, 0 errors, 1 left on base; Kannapolis 3 - Cedar Rapids 2 |
TOP OF THE 6TH |
Kannapolis Intimidators batting - Pitching for Cedar Rapids Kernels : LHP Kevin Drew
|
Batting: SHB Ruben Velasco Jr.
|
0-0: Called Strike 0-1: Ball 1-1: Ball 2-1: Ball 3-1: Fly out, F9 (Flyball, 9, EV 83.8 MPH)
|
Batting: RHB Mike Manchester
|
0-0: Foul Ball, location: 2F 0-1: Ball 1-1: Ground out 5-3 (Groundball, 56, EV 81.2 MPH)
|
Batting: RHB Mike Warzecha
|
0-0: Called Strike 0-1: Called Strike 0-2: Fly out, F7 (Flyball, 78M, EV 83.8 MPH)
|
Top of the 6th over - 0 runs, 0 hits, 0 errors, 0 left on base; Kannapolis 3 - Cedar Rapids 2 |
BOTTOM OF THE 6TH |
Cedar Rapids Kernels batting - Pitching for Kannapolis Intimidators : RHP Matt Voulgaris
|
Batting: LHB Marshall Daul
|
0-0: Called Strike 0-1: Called Strike 0-2: Strikes out looking
|
Batting: LHB David Campbell
|
0-0: Called Strike 0-1: Hit by Pitch
|
Batting: RHB John Dew
|
0-0: Ball 1-0: Ball 2-0: Foul Ball, location: 2F 2-1: Ball 3-1: Foul Ball, location: 2F 3-2: Strikes out looking
|
Batting: RHB Nick Phipps
|
0-0: Swinging Strike 0-1: Swinging Strike 0-2: Ball 1-2: Ball 2-2: Foul Ball, location: 2F 2-2: Strikes out swinging
|
Bottom of the 6th over - 0 runs, 0 hits, 0 errors, 1 left on base; Kannapolis 3 - Cedar Rapids 2 |
TOP OF THE 7TH |
Kannapolis Intimidators batting - Pitching for Cedar Rapids Kernels : LHP Kevin Drew
|
Batting: LHB Edgar Castillo
|
0-0: Called Strike 0-1: Called Strike 0-2: SOLO HOME RUN (Flyball, 7LD, EV 94.4 MPH), Distance : 357 ft
|
Batting: RHB Mark Jones
|
0-0: Swinging Strike 0-1: TRIPLE (Flyball, 9LD, EV 100.0 MPH)
|
Batting: LHB Ryan Rodgers
|
0-0: Foul Ball, location: 2F 0-1: Ball Wild Pitch! Mark Jones scores 1-1: Swinging Strike 1-2: Ball 2-2: Foul Ball, location: 2F 2-2: Foul Ball, location: 2F 2-2: SOLO HOME RUN (Flyball, 9LD, EV 92.5 MPH), Distance : 345 ft
|
Pitching: LHP John Pedlar
|
|
Batting: RHB Tatsunori Hayakawa
|
0-0: Ball 1-0: Foul Ball, location: 2F 1-1: Reached via error on a dropped throw from 3B, E3 (Groundball, 56D, EV 85.0 MPH)
|
Batting: SHB Jay Gagnon
|
0-0: Called Strike 0-1: Fly out, F5 (Line Drive, 5L, EV 71.2 MPH)
|
Batting: SHB Jose Castillo
|
0-0: Ball Tatsunori Hayakawa steals 2nd base (no throw) 1-0: Called Strike 1-1: Foul Ball, location: 2F 1-2: Ball 2-2: Ball 3-2: Strikes out swinging
|
Batting: SHB Ruben Velasco Jr.
|
0-0: Foul Ball, location: 2F 0-1: Foul Ball, location: 2F 0-2: Strikes out swinging
|
Top of the 7th over - 3 runs, 3 hits, 1 error, 1 left on base; Kannapolis 6 - Cedar Rapids 2 |
BOTTOM OF THE 7TH |
Cedar Rapids Kernels batting - Pitching for Kannapolis Intimidators : RHP Matt Voulgaris
|
Pitching: LHP Eric Larsen
|
|
Batting: LHB Yasutoshi Hayashi
|
0-0: Ball 1-0: Foul Ball, location: 2F 1-1: Called Strike 1-2: Strikes out swinging
|
Batting: RHB Ricky Pizarro
|
0-0: Called Strike 0-1: Ball 1-1: Ball 2-1: Foul Ball, location: 2F 2-2: Ball 3-2: Strikes out looking
|
Batting: SHB Matt Urbani
|
0-0: Ball 1-0: Called Strike 1-1: Ball 2-1: Foul Ball, location: 2F 2-2: Strikes out swinging
|
Bottom of the 7th over - 0 runs, 0 hits, 0 errors, 0 left on base; Kannapolis 6 - Cedar Rapids 2 |
TOP OF THE 8TH |
Kannapolis Intimidators batting - Pitching for Cedar Rapids Kernels : LHP John Pedlar
|
Pitching: RHP Scot Abbott
|
|
Batting: RHB Mike Manchester
|
0-0: Ground out U3 (Groundball, 34, EV 91.2 MPH)
|
Batting: RHB Mike Warzecha
|
0-0: Called Strike 0-1: Ball 1-1: Swinging Strike 1-2: Strikes out swinging
|
Batting: LHB Edgar Castillo
|
0-0: Ball 1-0: SINGLE (Line Drive, 6D, EV 110.0 MPH)
|
Batting: RHB Mark Jones
|
0-0: Foul Ball, location: 2F 0-1: Foul Ball, location: 2F 0-2: Ground out 5-3 (Groundball, 56S, EV 92.5 MPH)
|
Top of the 8th over - 0 runs, 1 hit, 0 errors, 1 left on base; Kannapolis 6 - Cedar Rapids 2 |
BOTTOM OF THE 8TH |
Cedar Rapids Kernels batting - Pitching for Kannapolis Intimidators : LHP Eric Larsen
|
Batting: SHB Manny Molina
|
0-0: Foul Ball, location: 2F 0-1: Ball 1-1: Ball 2-1: Ground out 4-3 (Groundball, 4, EV 90.0 MPH)
|
Batting: RHB Ryan Gautney
|
0-0: Ball 1-0: Ball 2-0: Ball 3-0: Called Strike 3-1: Base on Balls
|
Batting: LHB Marshall Daul
|
0-0: Called Strike 0-1: Swinging Strike 0-2: Ball 1-2: Foul Ball, location: 2F 1-2: Strikes out looking
|
Batting: LHB David Campbell
|
0-0: Foul Ball, location: 2F 0-1: Called Strike 0-2: Ball Wild Pitch! Ryan Gautney to second 1-2: SINGLE (Groundball, P, EV 86.2 MPH) (infield hit) Ryan Gautney to third
|
Batting: RHB John Dew
|
0-0: SINGLE (Line Drive, 6D, EV 98.1 MPH) Ryan Gautney scores David Campbell to second
|
Batting: RHB Nick Phipps
|
0-0: Ball 1-0: SINGLE (Line Drive, 9LS, EV 110.6 MPH) David Campbell to third John Dew to second Runner from 3rd tries for Home, throw by RF and OUT! 9-2
|
Bottom of the 8th over - 1 run, 3 hits, 0 errors, 2 left on base; Kannapolis 6 - Cedar Rapids 3 |
TOP OF THE 9TH |
Kannapolis Intimidators batting - Pitching for Cedar Rapids Kernels : RHP Scot Abbott
|
Batting: LHB Ryan Rodgers
|
0-0: Foul Ball, location: 2F 0-1: Ball 1-1: Ball 2-1: Foul Ball, location: 2F 2-2: Ball 3-2: Foul Ball, location: 2F 3-2: Ground out 6-3 (Groundball, 6, EV 96.2 MPH)
|
Batting: RHB Tatsunori Hayakawa
|
0-0: Ball 1-0: Ground out 6-3 (Groundball, 6, EV 86.9 MPH)
|
Batting: SHB Jay Gagnon
|
0-0: Ball 1-0: Ball 2-0: Foul Ball, location: 2F 2-1: Swinging Strike 2-2: Foul Ball, location: 2F 2-2: Ball 3-2: SINGLE (Groundball, 6M, EV 106.2 MPH) (infield hit)
|
Batting: SHB Jose Castillo
|
0-0: Called Strike 0-1: Foul Ball, location: 2F 0-2: Ball 1-2: Ball 2-2: Foul Ball, location: 2F 2-2: Fielders Choice at 2nd, 5-4 (Groundball, 56, EV 96.2 MPH)
|
Top of the 9th over - 0 runs, 1 hit, 0 errors, 1 left on base; Kannapolis 6 - Cedar Rapids 3 |
BOTTOM OF THE 9TH |
Cedar Rapids Kernels batting - Pitching for Kannapolis Intimidators : LHP Eric Larsen
|
Pitching: RHP Chris Worster
|
|
Batting: LHB Yasutoshi Hayashi
|
0-0: Called Strike 0-1: SINGLE (Flyball, 6D, EV 88.1 MPH)
|
Pinch Hitting: LHB Jon Ventura
|
0-0: Ball 1-0: SINGLE (Flyball, 89S, EV 99.4 MPH) Yasutoshi Hayashi to second
|
Batting: SHB Matt Urbani
|
0-0: Ball 1-0: Foul Ball, location: 2F 1-1: Called Strike 1-2: SINGLE (Groundball, 4MD, EV 96.9 MPH) Yasutoshi Hayashi to third Jon Ventura to second
|
Batting: SHB Manny Molina
|
0-0: Foul Ball, location: 2F 0-1: Foul Ball, location: 2F 0-2: Foul Ball, location: 2F 0-2: Strikes out swinging
|
Batting: RHB Ryan Gautney
|
0-0: SINGLE (Groundball, 34D, EV 106.9 MPH) Yasutoshi Hayashi scores Jon Ventura to third Matt Urbani to second
|
Batting: LHB Marshall Daul
|
0-0: Swinging Strike 0-1: Fielders Choice at 2nd, 6-4 (Groundball, 6, EV 85.6 MPH) Jon Ventura scores Matt Urbani to third
|
Batting: LHB David Campbell
|
0-0: Called Strike 0-1: Foul Ball, location: 2F 0-2: Strikes out swinging
|
Bottom of the 9th over - 2 runs, 4 hits, 0 errors, 2 left on base; Kannapolis 6 - Cedar Rapids 5 |
|